 Dungeon Crawl Stone Soup version 0.22-a0-398-g8bb545f (webtiles) character file.

42 w00t the Firebug (level 3, 0/25 HPs)
             Began as a Gnoll Fire Elementalist on May 5, 2018.
             Slain by nebgrebaes's ghost (18 damage)
             ... on level 4 of the Dungeon.
             The game lasted 00:01:36 (1468 turns).

w00t the Firebug (Gnoll Fire Elementalist)          Turns: 1468, Time: 00:01:36

Health: 0/25       AC:  4    Str: 10    XL:     3   Next: 54%
Magic:  5/9        EV: 14    Int: 18    God:
Gold:   93         SH:  0    Dex: 15    Spells: 8/12 levels left

rFire    . . .     SeeInvis .   b - +1 dagger (venom)
rCold    . . .     Gourm    .   (no shield)
rNeg     . . .     Faith    .   m - +0 robe
rPois    .         Spirit   .   t - +0 helmet
rElec    .         Reflect  .   (no cloak)
rCorr    .         Harm     .   h - +0 pair of gloves
MR       .....                  (no boots)
Stlth    +++.......             (no amulet)
HPRegen  0.08/turn              (no ring)
MPRegen  0.11/turn              (no ring)

@: no status effects
A: distributed training, fangs 1, strong nose
a: no special abilities


You were on level 4 of the Dungeon.
You were hungry.

You visited 1 branch of the dungeon, and saw 3 of its levels.

You collected 93 gold pieces.

Inventory:

Hand Weapons
 a - a +0 short sword
 b - a +1 dagger of venom (weapon)
Missiles
 e - 43 stones (quivered)
 j - 4 steel javelins
 l - 45 sling bullets
Armour
 h - a +0 pair of gloves (worn)
 m - a +0 robe (worn)
 t - a +0 helmet (worn)
Scrolls
 k - 2 scrolls of identify {unknown}
 p - a scroll of amnesia {unknown}
 r - 2 scrolls of teleportation {unknown}
 s - a scroll of enchant weapon {unknown}
 u - a scroll of blinking {unknown}
 v - a scroll of magic mapping {unknown}
Potions
 d - a potion of haste {unknown}
 f - a potion of flight {unknown}
 g - a potion of ambrosia {unknown}
 i - 2 potions of invisibility {unknown}
 n - a potion of curing {unknown}
 o - a potion of brilliance {unknown}
 q - a potion of magic {unknown}
Comestibles
 c - 3 rations


   Skills:
 + Level 0.8 Fighting
 + Level 0.8 Short Blades
 + Level 0.8 Long Blades
 + Level 0.8 Axes
 + Level 0.8 Maces & Flails
 + Level 0.8 Polearms
 + Level 0.8 Staves
 + Level 0.8 Slings
 + Level 0.8 Bows
 + Level 0.8 Crossbows
 + Level 0.8 Throwing
 + Level 0.8 Armour
 + Level 4.5 Dodging
 + Level 4.1 Stealth
 + Level 0.8 Shields
 + Level 0.8 Unarmed Combat
 + Level 5.0 Spellcasting
 + Level 2.1 Conjurations
 + Level 0.5 Hexes
 + Level 0.5 Charms
 + Level 0.5 Summonings
 + Level 0.5 Necromancy
 + Level 0.5 Translocations
 + Level 0.5 Transmutations
 + Level 5.4 Fire Magic
 + Level 0.5 Ice Magic
 + Level 0.5 Air Magic
 + Level 0.5 Earth Magic
 + Level 0.5 Poison Magic
 + Level 1.0 Invocations
 + Level 0.8 Evocations


You had 8 spell levels left.
You knew the following spells:

 Your Spells              Type           Power        Failure   Level  Hunger
a - Flame Tongue          Conj/Fire      ###..        2%          1    None
j - Conjure Flame         Conj/Fire      ###.....     9%          3    ##.....


Dungeon Overview and Level Annotations

Branches:
Dungeon (2/15)

Altars:

Annotations:
D:4 nebgrebaes's ghost, novice HOFE


Innate Abilities, Weirdness & Mutations

Your experience applies equally to all skills.
You have very sharp teeth.
Your uncanny sense of smell can sniff out nearby items.


Message History

Confirm with . or Enter, or press ? or * to list all spells.
Aiming: Conjure Flame (safe; 9% risk of failure)
Press: ? - help, Dir - move target cursor, p - nebgrebaes's ghost The fire ignites!
You are feeling hungry.
Nebgrebaes's ghost barely misses you.
Nebgrebaes's ghost gestures at you while chanting.
The puff of flame hits you!
* * * LOW HITPOINT WARNING * * *
You closely miss nebgrebaes's ghost.
You bite nebgrebaes's ghost, but do no damage.
Nebgrebaes's ghost is engulfed in blazing flames.
Nebgrebaes's ghost hits you but does no damage.
You closely miss nebgrebaes's ghost.
You bite nebgrebaes's ghost, but do no damage.
Nebgrebaes's ghost is lightly damaged.
Nebgrebaes's ghost is engulfed in blazing flames.
Nebgrebaes's ghost hits you!!
Ouch! That really hurt!
You die...

.# $+
###.+
#...#
#...#
+...#
#...####
#.@....#
#.W....#
#......#
#......#
#......#
#......#
#!.....#
#......#
#......+


You could see nebgrebaes's ghost.

Vanquished Creatures
  An adder (D:2)
  A worm (D:2)
  A dart slug (D:1)
  2 giant cockroaches
  4 goblins
  6 hobgoblins
  A quokka (D:4)
  2 bats
  5 kobolds
  3 rats
26 creatures vanquished.

Notes
Turn   | Place    | Note
-------+----------+-------------------------------------------
     0 | D:1      | w00t the Gnoll Fire Elementalist began the quest for the Orb.
     0 | D:1      | Reached XP level 1. HP: 13/13 MP: 6/6
   231 | D:1      | Reached XP level 2. HP: 16/19 MP: 1/7
   872 | D:2      | Reached XP level 3. HP: 8/25 MP: 1/9
  1101 | D:2      | Learned a level 3 spell: Conjure Flame
  1127 | D:2      | Reached skill level 5 in Spellcasting
  1387 | D:2      | Reached skill level 1 in Invocations
  1453 | D:2      | You fall through a shaft for 2 floors!
  1457 | D:4      | Noticed nebgrebaes's ghost (novice HOFE)
  1468 | D:4      | Slain by nebgrebaes's ghost

Vault maps used:
D:1:      ncdulo_halloftheorcs, serial_glass, glass_columns_b, glass_columns_c,
          due_unseen_surprise, feat_on_display
D:4:      first_ration, serial_shops, nicolae_shop_trees, serial_bayou_pond_a,
          kennysheep_generic_room_6, uniq_robin, uniq_eustachio

Skill      XL: |  1  2  3 |
---------------+----------+-----
Conjurations   | 2 |  2.1
Spellcasting   | 5 |  5.0
Invocations    | 1 |  1.0
Fighting       | |  0.8
Short Blades   | |  0.8
Long Blades    | |  0.8
Axes           | |  0.8
Maces & Flails | |  0.8
Polearms       | |  0.8
Staves         | |  0.8
Slings         | |  0.8
Bows           | |  0.8
Crossbows      | |  0.8
Throwing       | |  0.8
Armour         | |  0.8
Dodging        | |  4.5
Stealth        | |  4.1
Shields        | |  0.8
Unarmed Combat | |  0.8
Hexes          | |  0.5
Charms         | |  0.5
Summonings     | |  0.5
Necromancy     | |  0.5
Translocations | |  0.5
Transmutations | |  0.5
Fire Magic     | |  5.4
Ice Magic      | |  0.5
Air Magic      | |  0.5
Earth Magic    | |  0.5
Poison Magic   | |  0.5
Evocations     | |  0.8

Action                   || total
-------------------------++-------
Melee: Dagger            ||     7
       Bite              ||     2
 Cast: Flame Tongue      ||    47
       Conjure Flame     ||     1
  Eat: Chunk             ||     1
Armor: Robe              ||     2
Dodge: Dodged            ||     8

Table legend:
 A = Spawn XP
 B = Non-spawn XP
 C = Spawn XP percentage of total XP
 D = Spawn monster count
 E = Non-spawn monster count
 F = Spawn count percentage of total count
 G = Total turns spent on level
                    A         B        C        D         E        F      G
               +---------+---------+-------+---------+---------+-------+---------
         Total |       0 |      60 |   0.0 |       0 |      26 |   0.0 |  1468
               +---------+---------+-------+---------+---------+-------+---------
           D:1 |       0 |      21 |   0.0 |       0 |      12 |   0.0 |   655
           D:2 |       0 |      37 |   0.0 |       0 |      13 |   0.0 |   798
           D:4 |       0 |       2 |   0.0 |       0 |       1 |   0.0 |    15
               +---------+---------+-------+---------+---------+-------+---------
